 Dungeon Crawl Stone Soup version 0.21.1-1-g345015fe64 (webtiles) character file.

464 mehakun the Cudgeler (level 6, -1/56 HPs)
             Began as a Minotaur Berserker on June 21, 2018.
             Was a Priest of Trog.
             Slain by an ogre
             ... wielding a +0 giant spiked club
              (29 damage)
             ... on level 4 of the Dungeon.
             The game lasted 00:06:50 (3314 turns).

mehakun the Cudgeler (Minotaur Berserker)           Turns: 3314, Time: 00:06:51

Health: -1/56      AC:  7    Str: 23    XL:     6   Next: 80%
Magic:  5/5        EV: 12    Int:  9    God:    Trog [***...]
Gold:   151        SH:  0    Dex: 10    Spells: 5/5 levels left

rFire    . . .     SeeInvis .   w - +0 flail
rCold    . . .     Gourm    +   (no shield)
rNeg     . . .     Faith    .   a - +0 ring mail {MR+}
rPois    .         Spirit   .   q - +1 hat
rElec    .         Reflect  .   (no cloak)
rCorr    .         Harm     .   (no gloves)
MR       +....                  (no boots)
Stlth    +.........             n - amulet of the gourmand
HPRegen  0.18/turn              x - +5 ring of intelligence
MPRegen  0.09/turn              (no ring)

@: no status effects
A: retaliatory headbutt, horns 2
a: Berserk, Trog's Hand, Burn Spellbooks, Renounce Religion


You were on level 4 of the Dungeon.
You worshipped Trog.
Trog was most pleased with you.
You were completely stuffed.

You visited 1 branch of the dungeon, and saw 4 of its levels.

You collected 151 gold pieces.

Inventory:

Hand Weapons
 w - a +0 flail (weapon)
Armour
 a - a +0 ring mail of magic resistance (worn)
 q - a +1 hat (worn)
 s - a +0 chain mail
Jewellery
 n - an amulet of the gourmand (around neck)
 x - a +5 ring of intelligence (left hand)
Scrolls
 b - a scroll of identify
 f - a scroll of blinking
 i - a scroll of fear
 j - a scroll of magic mapping
 l - 3 scrolls of fog
 m - a scroll of teleportation
 o - 2 scrolls of enchant armour {unknown}
Potions
 d - 3 potions of curing {unknown}
 e - 2 potions of mutation {unknown}
 g - a potion of degeneration {unknown}
 h - 2 potions of invisibility {unknown}
 k - a potion of might {unknown}
 p - a potion of ambrosia {unknown}
 r - a potion of magic {unknown}
 u - a potion of lignification {unknown}
 v - a potion of heal wounds {unknown}
Comestibles
 c - 13 rations
 t - 11 chunks of flesh


   Skills:
 + Level 5.3 Fighting
 + Level 6.7 Maces & Flails
 + Level 4.5 Armour
 + Level 3.5 Dodging
 + Level 0.2 Stealth


You had 5 spell levels left.
You didn't know any spells.

Dungeon Overview and Level Annotations

Branches:
Dungeon (4/15)             Temple (0/1) D:4

Altars:
Kikubaaqudgha
Qazlal
Trog
Wu Jian


Innate Abilities, Weirdness & Mutations

You reflexively headbutt those who attack you in melee.
You have a pair of horns on your head.


Message History

The ogre is lightly wounded.
You barely miss the ogre. You headbutt the ogre!
The ogre is moderately wounded.
The ogre hits you with a giant spiked club.
You are too injured to fight recklessly!
You are too injured to fight recklessly!
You are too injured to fight recklessly!
You completely miss the ogre.
The ogre is moderately wounded.
The ogre barely misses you.
You hit the ogre. You headbutt the ogre.
The ogre is heavily wounded.
The ogre barely misses you.
You barely miss the ogre.
The ogre is heavily wounded.
You sock the ogre!
The ogre is almost dead.
The ogre hits you with a giant spiked club!!
Ouch! That really hurt!
You die...

......#...# ...8#####.#
.# ....#.#...# [#
...8#.#.### ..
....#...# . ...8##.##
.# ....##.# #.#
...8##.# ##?.####
....#..#########@O....#
#####.................#
#...###########†..###..
##<.## #...# ##...##
#...# ##.....## #.###
#.......# #.. #.#.....#
#.# #.......# .#


You could see an ogre.

Vanquished Creatures
  An ogre (D:4)
  A howler monkey (D:4)
  2 orc priests
  3 orc wizards
  Terence (D:2)
  A worker ant (D:4)
  4 gnolls (D:3)
  2 adders (D:2)
  A worm (D:2)
  2 dart slugs
  3 leopard geckos
  10 orcs
  2 giant cockroaches
  11 goblins
  8 hobgoblins
  2 jackals (D:3)
  4 quokkas
  2 ball pythons
  5 bats
  7 frilled lizards
  11 kobolds
  3 rats
86 creatures vanquished.

Vanquished Creatures (others)
  A wizard (D:3)
1 creature vanquished.

Grand Total: 87 creatures vanquished

Notes
Turn   | Place    | Note
-------+----------+-------------------------------------------
     0 | D:1      | mehakun the Minotaur Berserker began the quest for the Orb.
     0 | D:1      | Reached XP level 1. HP: 19/19 MP: 0/0
   526 | D:1      | Reached XP level 2. HP: 25/27 MP: 1/1
   570 | D:1      | Reached skill level 4 in Maces & Flails
  1199 | D:2      | Reached ** piety under Trog
  1284 | D:2      | Noticed Terence
  1292 | D:2      | Killed Terence
  1292 | D:2      | Reached XP level 3. HP: 33/33 MP: 2/2
  1737 | D:2      | Reached XP level 4. HP: 37/40 MP: 3/3
  2061 | D:3      | Reached skill level 5 in Maces & Flails
  2188 | D:3      | Reached XP level 5. HP: 36/47 MP: 4/4
  2721 | D:3      | Found an ornate altar of the Wu Jian Council.
  2722 | D:3      | Found a stormy altar of Qazlal.
  2723 | D:3      | Found an ancient bone altar of Kikubaaqudgha.
  2872 | D:3      | Reached *** piety under Trog
  2938 | D:3      | Found a bloodstained altar of Trog.
  2939 | D:3      | Noticed a wizard
  2945 | D:3      | Killed a wizard
  3038 | D:4      | Found a staircase to the Ecumenical Temple.
  3038 | D:4      | Noticed an ogre
  3045 | D:4      | Killed an ogre
  3045 | D:4      | Reached skill level 6 in Maces & Flails
  3045 | D:4      | Reached XP level 6. HP: 43/55 MP: 5/5
  3219 | D:4      | Reached skill level 5 in Fighting
  3314 | D:4      | Slain by an ogre

Skill      XL: |  1  2  3  4  5  6 |
---------------+-------------------+-----
Maces & Flails | 4 5 6 |  6.7
Fighting       | 4 5 |  5.3
Armour         | 3 4 |  4.5
Dodging        | 3 |  3.5
Stealth        | |  0.2

Action                   |  1- 3 |  4- 6 || total
-------------------------+-------+-------++-------
Melee: Mace              |    86 |    43 ||   129
       Headbutt          |    13 |    19 ||    32
       Flail             |       |    90 ||    90
Invok: Berserk           |     1 |     2 ||     3
       Burn Spellbooks   |       |     1 ||     1
  Use: Scroll            |       |     8 ||     8
  Eat: Chunk             |     6 |    14 ||    20
Armor: Animal skin       |     2 |       ||     2
       Leather armour    |     1 |       ||     1
       Ring mail         |    20 |    16 ||    36
       Chain mail        |    10 |    39 ||    49
Dodge: Dodged            |    48 |    94 ||   142
